 Dungeon Crawl Stone Soup version 0.31-a0-845-g9abc20d24f (webtiles) character file.

Game seed: 16559554613510183052

164 D12ThenQuit the Poker (level 5, -5/42 HPs)
             Began as a Human Gladiator on Oct 2, 2023.
             Killed by divine providence
             ... invoked by an orc priest
              (8 damage)
             ... on level 4 of the Dungeon.
             The game lasted 00:07:25 (2750 turns).

D12ThenQuit the Poker (Human Gladiator)             Turns: 2750, Time: 00:07:26

Health: -5/42      AC:  5    Str: 16    XL:     5   Next: 73%
Magic:  5/5        EV: 12    Int:  9    God:
Gold:   170        SH:  0    Dex: 14    Spells: 4/4 levels left

rFire   . . .        a - +0 trident
rCold   . . .        (no shield)
rNeg    . . .        b - +0 leather armour
rPois   .            c - +0 helmet
rElec   .            m - +0 cloak
rCorr   .            (no gloves)
SInv    .            (no boots)
Will    .....        n - amulet of the acrobat
Stlth   +            (no ring)
HPRegen 0.27/turn    (no ring)
MPRegen 0.09/turn

%: acrobat
@: no status effects
A: no striking features
a: no special abilities


You were on level 4 of the Dungeon.
You visited 1 branch of the dungeon, and saw 4 of its levels.

You collected 170 gold pieces.

Inventory:

Hand Weapons
 a - a +0 trident (weapon)
 f - a +0 lajatang
 l - a +4 short sword of flaming
Missiles
 d - 2 throwing nets (quivered)
 e - a javelin
Armour
 b - a +0 leather armour (worn)
 c - a +0 helmet (worn)
 m - a +0 cloak (worn)
Jewellery
 n - an amulet of the acrobat (around neck)
Scrolls
 j - a scroll of butterflies
Potions
 g - 3 potions of curing
 h - a potion of might
 i - a potion of attraction
 k - a potion of haste {unknown}


   Skills:
 + Level 3.8 Fighting
 - Level 4.9 Polearms
 - Level 2.0 Throwing
 - Level 3.0 Dodging


You had 4 spell levels left.
You didn't know any spells.
Your spell library contained the following spells:

 Spells                   Type           Power      Damage    Failure   Level
 Foxfire                  Conj/Fire      0%         2x1d4     45%         1
 Scorch                   Fire           0%         2d5       58%         2
 Flame Wave               Conj/Fire      0%         2d4       99%         4
 Plasma Beam              Fire/Air       0%         2x1d10    100%        6
 Starburst                Conj/Fire      0%         6d3       100%        6
 Summon Cactus Giant      Summ           0%         N/A       100%        6


Dungeon Overview and Level Annotations

Branches:
Dungeon (4/15)
 Temple: D:4-7

Altars:

Annotations:
D:3 Natasha


Message History

Things that are here:
a boomerang; a +0 club; an orc skeleton
Things that are here:
a +0 dagger; a goblin skeleton
There is a stone staircase leading down here.
You climb downwards.
Level annotation: Natasha
There is a stone staircase leading up, spattered with blood here.
You start putting on your amulet.
You continue putting on your amulet of the acrobat. x5
You finish putting on your amulet of the acrobat.
You feel ready to tumble and roll out of harm's way.
n - an amulet of the acrobat (around neck)
There is a stone staircase leading down here.
You climb downwards.
There is a stone staircase leading up here.
You hit the worm.
The worm is moderately wounded.
You hit the worm.
The worm is heavily wounded.
The worm bites you but does no damage.
The orc priest miscasts a cantrip.
You barely miss the worm.
The worm is heavily wounded.
You puncture the worm!
The worm is almost dead.
The worm bites you!
The orc priest mumbles some strange prayers to Beogh against you.
Beogh smites you!
You hit the worm.
The worm is almost dead.
The orc priest calls down the wrath of Beogh upon you.
Beogh smites you! The worm closely misses you.
The orc priest mumbles some strange prayers to Beogh against you.
Beogh smites you!
* * * LOW HITPOINT WARNING * * *
There is a stone staircase leading up here.
The orc priest calls down the wrath of Beogh upon you.
Beogh smites you!
You die...

#.# #.#####
#.# #.# #.#
##w# #.# ##..#
#### #)# #..##
#... #.# #.##
#... #.# ###.#
#### #.###
#...# #
#.@.####.####
#
###.w[o.....#
.
#####.###.....
.. ###.# ###.
.. #...# #..
#.### ##
###.###
#.....#
#.....#


You could see a worm and an orc priest.

Vanquished Creatures
  2 hounds (D:4)
  2 adders
  A worm (D:2)
  A dart slug (D:2)
  11 orcs
  6 ball pythons
  2 endoplasms
  2 giant cockroaches
  12 goblins
  5 hobgoblins
  A jackal (D:4)
  A quokka (D:2)
  5 bats
  7 frilled lizards
  4 kobolds
  5 rats
67 creatures vanquished.

Notes
Turn   | Place    | Note
-------+----------+-------------------------------------------
     0 | D:1      | D12ThenQuit the Human Gladiator began the quest for the
                  | Orb.
     0 | D:1      | Reached XP level 1. HP: 16/16 MP: 1/1
   294 | D:1      | Reached XP level 2. HP: 22/22 MP: 2/2
   739 | D:2      | Reached skill level 4 in Polearms
   739 | D:2      | Reached XP level 3. HP: 19/27 MP: 3/3
  1174 | D:3      | Reached XP level 4. HP: 33/33 MP: 4/4
  1344 | D:3      | Found a faded altar of an unknown god.
  1507 | D:3      | Noticed Natasha
  1832 | D:3      | Reached XP level 5. HP: 38/39 MP: 5/5
  2749 | D:4      | HP: 2/42 [orc priest/divine providence (12)]
  2750 | D:4      | Killed from afar by an orc priest

Illustrated notes

Levels and vault maps discovered:
D:1:      lightli_arrival_flooded_house, layout_basic, st_stairs_2
D:2:      layout_rooms, glass_columns_a
D:3:      layout_basic, bloody_makhleb, nicolae_ecumenical_snake_handling,
          palyth_stone_intersect, uniq_natasha, uniq_robin
D:4:      minmay_spotlight, layout_rooms, kennysheep_opposing_triangles

Skill      XL: |  1  2  3  4  5 |
---------------+----------------+-----
Polearms       | 4 |  4.9
Fighting       | 3 |  3.8
Throwing       | |  2.0
Dodging        | |  3.0

Action                     |  1- 3 |  4- 6 || total
---------------------------+-------+-------++-------
  Melee: Trident           |   101 |   141 ||   242
         Punch             |       |     2 ||     2
  Throw: Throwing net      |     2 |       ||     2
    Use: Scroll            |     2 |     5 ||     7
         Potion            |       |     2 ||     2
   Stab: Held in net/web   |     1 |       ||     1
         Sleeping          |     1 |       ||     1
         Invisible         |       |     3 ||     3
 Armour: Leather armour    |    66 |    91 ||   157
  Dodge: Dodged            |    44 |    86 ||   130

Table legend: (Time is in decaauts)
 A = Elapsed time spent in this place.
 B = Non-inter-level travel time spent in this place.
 C = Inter-level travel time spent in this place.
 D = Time resting spent in this place.
 E = Time spent auto-exploring this place.
 F = Levels seen in this place.
 G = Mean time per level.
                   A        B        C        D        E       F      G
               +--------+--------+--------+--------+--------+-----+--------+
         Total |   2777 |   2579 |    198 |    619 |    963 |   4 |  694.2 |
       Dungeon |   2777 |   2579 |    198 |    619 |    963 |   4 |  694.2 |
               +--------+--------+--------+--------+--------+-----+--------+

Top non-repeatable levels by time:
     D:2: 983 daAuts
     D:1: 619 daAuts
     D:4: 598 daAuts
     D:3: 577 daAuts
